 Dungeon Crawl Stone Soup version 0.26.1-11-gd32895ea62 (webtiles) character file.

Game seed: 2204058045451687293

46 Zeld the Insei (level 3, -6/24 HPs)
             Began as an Octopode Transmuter on June 1, 2021.
             Mangled by a gnoll
             ... wielding a +0 halberd
              (15 damage)
             ... on level 2 of the Dungeon.
             The game lasted 00:01:56 (2542 turns).

Zeld the Insei (Octopode Transmuter)                Turns: 2542, Time: 00:01:57

Health: -6/24      AC:  1    Str: 10    XL:     3   Next: 66%
Magic:  6/6        EV: 13    Int: 15    God:
Gold:   47         SH:  0    Dex: 12    Spells: 1/7 levels left

rFire    . . .     SeeInvis .     - Unarmed
rCold    . . .     Faith    .   (no shield)
rNeg     . . .     Spirit   .   (helmet restricted)
rPois    .         Reflect  .   (no amulet)
rElec    .         Harm     .   (no ring)
rCorr    .         Rampage  .   (no ring)
Will     .....                  (no ring)
Stlth    ++........             (no ring)
HPRegen  0.08/turn              (no ring)
MPRegen  0.10/turn              (no ring)
                                (no ring)
                                (no ring)

@: no status effects
A: almost no armour, stealthy swim, amphibious, 8 rings, constrict 8, camouflage
1, gelatinous body 1
a: no special abilities


You were on level 2 of the Dungeon.
You visited 1 branch of the dungeon, and saw 2 of its levels.

You collected 47 gold pieces.

Inventory:

Scrolls
 a - a scroll of enchant armour {unknown}
 c - 2 scrolls of remove curse {unknown}
 d - 4 scrolls of magic mapping {unknown}
 e - 2 scrolls of identify {unknown}
 f - a scroll of teleportation {unknown}
Potions
 b - 3 potions of haste {unknown}
 g - 2 potions of degeneration {unknown}


   Skills:
 + Level 1.7 Fighting
 + Level 2.3 Dodging
 - Level 3.0 Unarmed Combat
 * Level 2.5 Spellcasting
 * Level 2.7 Transmutations


You had one spell level left.
You knew the following spells:

 Your Spells              Type           Power        Failure   Level
a - Beastly Appendage     Tmut           20%          7%          1
b - Wereblood             Tmut           10%          10%         2
c - Spider Form           Tmut/Pois      3%           34%         3

Your spell library contained the following spells:

 Spells                   Type           Power        Failure   Level
 Ice Form                 Ice/Tmut       6%           75%         4
 Blade Hands              Tmut           5%           88%         5


Dungeon Overview and Level Annotations

Branches:
Dungeon (2/15)

Altars:
Makhleb
Zin


Innate Abilities, Weirdness & Mutations

You cannot wear most types of armour.
You are very stealthy in the water. (Stealth+)
You are amphibious.
You can wear up to eight rings at the same time.
You can use your tentacles to constrict eight enemies at once.
Your skin changes colour to match your surroundings (Stealth+).
Your rubbery body absorbs attacks. (AC +1, EV +1)


Message History

There is an open door here.
The bat hits you. The bat misses you. The bat hits you.
The bat closely misses you.
You miss the bat. Your grab misses the bat. You squeeze the bat.
You kill the bat!
Things that are here:
a +0 club; a frilled lizard skeleton
Found a chain mail and 6 gold pieces.
There is a shaft here.
A rat comes into view.
The rat moves out of view.
Found 28 arrows.
You see here a chain mail.
You see here 6 gold pieces.
The gnoll hits you from afar with a +0 halberd.
You see here a chain mail.
The gnoll hits you with a +0 halberd!
Ouch! That really hurt!
You die...

#.# ..# #.# #.# #(#
#$######## #.#
###[#....... #.#
#.g......... #.#
#.#@#....... #.#
#^#.######## #.#
#.#.### #.# #.#...
########.#####.#.###..
...........g...[......
#######.##.#####.###..
...........# #.#
........########.#


You could see a gnoll.

Vanquished Creatures
  A gnoll (D:1)
  A worm (D:2)
  A dart slug (D:1)
  2 bats
  A giant cockroach (D:1)
  3 goblins (D:1)
  6 hobgoblins
  3 jackals (D:1)
  A ball python (D:1)
  4 frilled lizards
  3 kobolds
  5 rats
31 creatures vanquished.

Notes
Turn   | Place    | Note
-------+----------+-------------------------------------------
     0 | D:1      | Zeld the Octopode Transmuter began the quest for the Orb.
     0 | D:1      | Reached XP level 1. HP: 13/13 MP: 3/3
   730 | D:1      | Reached XP level 2. HP: 14/18 MP: 3/5
   736 | D:1      | Learned a level 2 spell: Wereblood
  1496 | D:1      | Reached XP level 3. HP: 23/23 MP: 4/6
  1500 | D:1      | Learned a level 3 spell: Spider Form
  1974 | D:2      | Found a burning altar of Makhleb.
  1976 | D:2      | Found a glowing silver altar of Zin.
  1977 | D:2      | Noticed a blizzard demon
  1977 | D:2      | Noticed an angel
  2542 | D:2      | Mangled by a gnoll

Illustrated notes

Levels and vault maps discovered:
D:1:      dpeg_arrival_simpleton_b, layout_loops_ring, st_stairs_11,
          kennysheep_pointless_box
D:2:      layout_basic, grunt_temple_overflow_order_and_chaos_2,
          vehumet_crystals, minmay_distorted

Action                   || total
-------------------------++-------
Melee: Unarmed           ||    72
       Constrict         ||    15
       Kick              ||    13
       Tentacles         ||     7
 Cast: Beastly Appendage ||    20
       Spider Form       ||     2
 Stab: Sleeping          ||     2
       Distracted        ||     1
Armor: Skin              ||     7
Dodge: Dodged            ||    66
